 Dungeon Crawl Stone Soup version 0.27.1-4-g1640c2035a (webtiles) character file.

Game seed: 10630598670948581216

3537 styxcanada the Covert (level 9, -13/45 HPs)
             Began as a Spriggan Brigand on Nov 6, 2021.
             Was an Initiate of Gozag.
             Killed from afar by Erica (16 damage)
             ... with a bolt of poison
             ... on level 8 of the Dungeon on Nov 7, 2021.
             The game lasted 00:50:33 (13852 turns).

styxcanada the Covert (Spriggan Brigand)           Turns: 13852, Time: 00:50:35

Health: -13/45     AC:  4    Str: 13    XL:     9   Next: 82%
Magic:  17/17      EV: 23    Int: 14    God:    Gozag
Gold:   509        SH:  5    Dex: 26    Spells: 14/17 levels left

rFire    . . .     SeeInvis +   h - +3 dagger (venom)
rCold    x . .     Faith    .   (shield restricted)
rNeg     . . .     Spirit   .   b - +0 robe
rPois    .         Reflect  +   (helmet restricted)
rElec    +         Harm     .   c - +1 cloak
rCorr    .         Rampage  .   (gloves unavailable)
Will     +++..                  (boots unavailable)
Stlth    ++++++....             u - amulet of reflection
HPRegen  0.15/turn              i - ring "Oneas" {rElec rC- Will++ Int+2 Dex+6}
MPRegen  0.15/turn              G - +6 ring of strength

@: lethally poisoned (-13 -> -26), very quick
A: very small, no large weapons, unfitting armour, see invisible, speed 3
a: Renounce Religion, Potion Petition, Call Merchant, Bribe Branch


You were on level 8 of the Dungeon.
You worshipped Gozag.
Gozag was pleased with you.
You visited 2 branches of the dungeon, and saw 9 of its levels.

You collected 599 gold pieces.
You paid 90 gold pieces to Gozag.

Inventory:

Hand Weapons
 a - a +2 dagger
 h - a +3 dagger of venom (weapon)
 s - a +1 short sword of speed
 O - a +0 hunting sling
Missiles
 e - 3 curare-tipped darts (quivered)
 m - 8 datura-tipped darts
 q - 14 boomerangs
 t - 189 stones
 v - 63 sling bullets
 B - 36 poisoned darts
 C - a throwing net
Armour
 b - a +0 robe (worn)
 c - a +1 cloak (worn)
 d - a +0 buckler
Jewellery
 i - the ring "Oneas" (left hand) {rElec rC- Will++ Int+2 Dex+6}
   (You acquired it on level 4 of the Dungeon)

   [ring of dexterity]

   Int:       It affects your intelligence (+2).
   Dex:       It affects your dexterity (+6).
   rC:        It makes you vulnerable to cold.
   rElec:     It insulates you from electricity.
   Will:      It greatly increases your willpower.
 u - an amulet of reflection (around neck)
 G - a +6 ring of strength (right hand)
 J - an amulet of the acrobat
 M - a ring of wizardry
Wands
 k - a wand of mindburst (29)
 E - a wand of flame (13)
 F - a wand of iceblast (10)
 I - a wand of paralysis (14)
Scrolls
 f - 8 scrolls of teleportation
 y - 3 scrolls of fog
 D - 2 scrolls of immolation
 H - a scroll of blinking
 L - a scroll of summoning {unknown}
Potions
 g - a potion of resistance
 j - 3 potions of mutation
 l - a potion of ambrosia
 n - a potion of lignification
 o - a potion of might
 p - 6 potions of flight
 r - 4 potions of curing
 w - a potion of invisibility
 x - a potion of degeneration {unknown}
 z - 4 potions of heal wounds
 A - 4 potions of cancellation {unknown}
 K - a potion of berserk rage {unknown}
 N - a potion of haste
 P - a potion of brilliance {unknown}


   Skills:
 * Level 3.9 Fighting
 + Level 6.1 Short Blades
 + Level 3.4 Throwing
 * Level 6.4 Dodging
 * Level 12.8 Stealth
 * Level 2.5 Shields
 * Level 4.9 Spellcasting
 * Level 2.6 Summonings
 * Level 4.8 Evocations


You had 14 spell levels left.
You knew the following spells:

 Your Spells              Type           Power      Damage    Failure   Level
a - Call Canine Familiar  Summ           10%        N/A       19%         3

Your spell library contained the following spells:

 Spells                   Type           Power      Damage    Failure   Level
 Summon Small Mammal      Summ           40%        N/A       6%          1
 Apportation              Tloc           6%         N/A       19%         1
 Passwall                 Tmut/Erth      2%         N/A       26%         2
 Summon Guardian Golem    Hex/Summ       7%         N/A       30%         3
 Portal Projectile        Hex/Tloc       6%         N/A       47%         3
 Swiftness                Air            3%         N/A       47%         3
 Alistair's Intoxication  Tmut/Pois      2%         N/A       99%         5
 Blade Hands              Tmut           1%         N/A       99%         5
 Excruciating Wounds      Necr           1%         N/A       99%         5
 Invisibility             Hex            1%         N/A       100%        6


Dungeon Overview and Level Annotations

Branches:
Dungeon (8/15)             Temple (1/1) D:6
   Lair: D:8-11

Altars:
Ashenzari
Cheibriados
Dithmenos
Elyvilon
Fedhas
Gozag
Hepliaklqana
Makhleb
Nemelex Xobeh
Okawaru
Qazlal
Uskayaw
Vehumet
Wu Jian
Xom
Yredelemnul
Zin
The Shining One

Shops:
D:4 !(

Annotations:
D:6 1 runed translucent door, Mrcawl's ghost, weakling MiDe
D:8 Erica


Innate Abilities, Weirdness & Mutations

You are very small and have problems with some larger weapons.
You are too small for most types of armour.
You have supernaturally acute eyesight. (SInv)
You cover ground extremely quickly. (Speed+++)


Message History

t - 168 stones (gained 17)
You start resting.
HP restored.
Found 21 stones.
t - 189 stones (gained 21)
Found 14 stones.
Erica the Fiery-Tempered comes into view.
She is wielding a +4 scimitar of flaming.
Found 13 poisoned darts.
Erica shouts!
Erica completely misses you.
You hit Erica.
Erica is poisoned.
Erica is lightly wounded.
Erica hits you with a +4 scimitar of flaming!
Erica burns you.
You barely miss Erica.
Erica is lightly wounded.
You barely miss Erica.
Erica is lightly wounded.
Erica hits you with a +4 scimitar of flaming!
Erica burns you.
You hit Erica.
Erica is lightly wounded.
Erica hits you with a +4 scimitar of flaming!!
* * * LOW HITPOINT WARNING * * *
Erica burns you.
* * * LOW HITPOINT WARNING * * *
You hit Erica.
Erica looks as sick as possible!
Erica is lightly wounded.
Throw: 4 darts (curare)
Press: ? - help, Q - select action, (/) - cycle Shift-Dir - straight line, f - Erica
Aim: Erica, wielding a +4 scimitar of flaming and wearing a +0 robe (heavily wounded, very poisoned, 64% to hit)
You throw a curare-tipped dart. The curare-tipped dart hits Erica.
Erica looks as sick as possible!
Erica convulses.
Erica seems to slow down.
Erica is heavily wounded.
Erica points at you and mumbles some strange words.
The bolt of poison hits you!
You are lethally poisoned!
You die...
Your body crumbles into a pile of gold.

...........#
.........#.#
#######..#.#
#.@#.#
#..#.#
#..#.#
#..#.# #
#..# .# #.@#
..
#..###.###
#.........
#...######
#...# #...#
#...# #...#
###...#####


You could see Erica (extremely poisoned, slow).

Vanquished Creatures
  Joseph (D:8)
  Prince Ribbit (D:6)
  Sigmund (D:6)
  Eustachio (D:6)
  Edmund (D:6)
  2 water moccasins (D:6)
  2 ice beasts
  A black bear (D:8)
  A necrophage (D:5)
  3 ogres
  2 centaurs
  3 bullfrogs
  A gnoll sergeant (D:4)
  A scorpion (D:5)
  A water moccasin zombie (D:7)
  A water moccasin skeleton (D:4)
  3 howler monkeys (D:7)
  A bullfrog zombie (D:5)
  4 jellies
  A bullfrog skeleton (D:5)
  6 hounds
  An orc priest (D:4)
  A centaur skeleton (D:5)
  2 gnoll shamans
  Jessica (D:3)
  4 iguanas
  Terence (D:3)
  A howler monkey zombie (D:3)
  11 gnolls
  6 adders
  A shadow imp (D:6)
  An adder skeleton (D:4)
  3 worms
  4 dart slugs
  32 orcs
  10 bats
  9 endoplasms
  A giant cockroach (D:3)
  14 goblins
  13 hobgoblins
  23 jackals
  7 quokkas
  5 ball pythons
  3 frilled lizards
  9 kobolds
  7 rats
208 creatures vanquished.

Vanquished Creatures (collateral kills)
  A howler monkey (D:5)
  A hound skeleton (D:5)
  3 gnolls (D:4)
  An orc (D:5)
6 creatures vanquished.

Vanquished Creatures (others)
  A hound (D:5)
  A fungus (D:4)
  7 plants (D:4)
9 creatures vanquished.

Grand Total: 223 creatures vanquished

Notes
Turn   | Place    | Note
-------+----------+-------------------------------------------
     0 | D:1      | styxcanada the Spriggan Brigand began the quest for the
                  | Orb.
     0 | D:1      | Reached XP level 1. HP: 10/10 MP: 2/2
    20 | D:1      | Reached skill level 6 in Stealth
   355 | D:1      | Reached XP level 2. HP: 13/15 MP: 3/3
  1246 | D:1      | Found a faded altar of an unknown god.
  1594 | D:2      | Reached XP level 3. HP: 16/18 MP: 4/4
  1801 | D:2      | Reached skill level 7 in Stealth
  2707 | D:2      | Reached XP level 4. HP: 17/23 MP: 5/5
  3362 | D:3      | Noticed Terence
  3396 | D:3      | Killed Terence
  3830 | D:3      | Noticed Jessica
  3841 | D:3      | Killed Jessica
  3842 | D:3      | Reached skill level 8 in Stealth
  3842 | D:3      | Reached XP level 5. HP: 14/26 MP: 6/6
  4052 | D:3      | Reached skill level 1 in Spellcasting
  5066 | D:4      | Found Onebez's Distillery.
  5139 | D:4      | Identified a scroll of acquirement
  5139 | D:4      | Acquired the ring "Oneas" {rElec rC- Will++ Int+2 Dex+6}
  5222 | D:4      | Noticed a centaur
  5225 | D:4      | Killed a centaur
  5226 | D:4      | Reached XP level 6. HP: 9/30 MP: 7/9
  5498 | D:4      | Found Yteda's Weapon Shop.
  6542 | D:4      | Reached skill level 9 in Stealth
  6594 | D:4      | Reached skill level 1 in Evocations
  7327 | D:4      | Reached XP level 7. HP: 13/35 MP: 11/11
  7331 | D:4      | Learned a level 3 spell: Call Canine Familiar
  8742 | D:4      | Reached skill level 1 in Shields
  9240 | D:5      | Entered Level 5 of the Dungeon
  9720 | D:5      | Reached skill level 1 in Summonings
  9779 | D:5      | Reached skill level 10 in Stealth
  9779 | D:5      | Reached XP level 8. HP: 39/39 MP: 13/13
 10704 | D:5      | Reached skill level 5 in Short Blades
 10819 | D:6      | Noticed Prince Ribbit
 10820 | D:6      | Found a staircase to the Ecumenical Temple.
 10821 | D:6      | Killed Prince Ribbit
 10822 | D:6      | Reached skill level 5 in Dodging
 10832 | Temple   | Entered the Ecumenical Temple
 10875 | Temple   | Became a worshipper of Gozag Ym Sagoz the Greedy
 10923 | D:6      | Noticed Edmund
 10930 | D:6      | Killed Edmund
 10931 | D:6      | Reached skill level 11 in Stealth
 10932 | D:6      | Noticed Eustachio
 10989 | D:6      | Killed Eustachio
 10999 | D:6      | Reached XP level 9. HP: 27/44 MP: 15/15
 11126 | D:6      | Noticed Sigmund
 11137 | D:6      | Killed Sigmund
 11437 | D:6      | Found a runed translucent door.
 11437 | D:6      | Noticed Mrcawl's ghost (weakling MiDe)
 11528 | D:6      | Reached skill level 12 in Stealth
 13305 | D:8      | Noticed Joseph
 13340 | D:8      | Killed Joseph
 13831 | D:8      | Noticed Erica
 13840 | D:8      | HP: 2/45 [Erica (3)]
 13852 | D:8      | Killed from afar by Erica

Illustrated notes

Levels and vault maps discovered:
D:1:      evilmike_arrival_plus, layout_basic, basic_ecumenical_altar
D:2:      layout_basic, nrook_mini_vaults
D:3:      cheibrodos_greedy_goblins, layout_basic, kennysheep_generic_room_12,
          uniq_terence, uniq_jessica
D:4:      lemuel_castle_with_subvaults [lemuel_castle_interior_carwin_2],
          layout_basic, serial_shops, nicolae_take_the_stairs, shop,
          serial_bayou_pond_a, sigmund_army
D:5:      minmay_opposing_rooms, layout_rooms
D:6:      layout_layer_cave, minmay_temple_entry_drinking_statues,
          hellmonk_ghost_happy_afterlife, uniq_eustachio, uniq_prince_ribbit1,
          uniq_sigmund, uniq_edmund
D:7:      layout_basic, minmay_microvault
D:8:      layout_basic, trog_book, dpeg_lair_monsters, minmay_misc_feat_pillars,
          uniq_erica, uniq_psyche, uniq_joseph
Temple:   grunt_wide_crystal_templ

Skill      XL: |  1  2  3  4  5  6  7  8  9 |
---------------+----------------------------+-----
Stealth        | 6 7 8 9 10 11 12 | 12.8
Short Blades   | 3 4 5 6 |  6.1
Dodging        | 2 3 5 6 |  6.4
Spellcasting   | 1 2 3 4 |  4.9
Fighting       | 2 3 |  3.9
Evocations     | 1 2 3 4 |  4.8
Throwing       | 3 |  3.4
Shields        | 1 2 |  2.5
Summonings     | 1 2 |  2.6

Action                   |  1- 3 |  4- 6 |  7- 9 || total
-------------------------+-------+-------+-------++-------
Melee: Dagger            |   135 |   257 |   375 ||   767
       Short sword       |       |       |    25 ||    25
Throw: Dart              |    10 |    32 |    17 ||    59
       Boomerang         |       |     7 |     5 ||    12
Evoke: Wand              |       |     3 |     4 ||     7
  Use: Scroll            |       |    12 |    10 ||    22
 Stab: Sleeping          |    13 |    17 |    22 ||    52
       Distracted        |       |     1 |     3 ||     4
Armor: Robe              |    15 |    17 |    26 ||    58
Dodge: Dodged            |    92 |   125 |   243 ||   460
Block: Other             |       |    41 |    51 ||    92
